 Dungeon Crawl Stone Soup version 0.18-a0-1628-g61c6396 (webtiles) character file.

12 HandofTrog the Ruffian (level 2, 0/22 HPs)
             Began as a Demonspawn Wanderer on Mar 25, 2016.
             Slain by a goblin
             ... wielding a +0 club
             ... led by Robin
              (5 damage)
             ... on level 1 of the Dungeon.
             The game lasted 00:03:28 (939 turns).

HandofTrog the Ruffian (Demonspawn Wanderer)         Turns: 939, Time: 00:03:29

Health: 0/22       AC:  3    Str: 14    XL:     2   Next: 20%
Magic:  5/5        EV: 11    Int: 13    God:
Gold:   5          SH:  0    Dex: 10    Spells: 1 memorised, 4 levels left

rFire  . . .     SeeInvis .       - Unarmed
rCold  . . .     Gourm    .     d - +0 robe
rNeg   . . .     Faith    .     (no shield)
rPois  .         Spirit   .     (no helmet)
rElec  .         Dismiss  .     (no cloak)
rCorr  .         Reflect  .     (no gloves)
SustAt .         Harm     .     l - +0 pair of boots
MR     .....                    (no amulet)
Stlth  ++........               (no ring)
                                (no ring)

@: not resistant to hostile enchantments, unstealthy
A: rot immunity
a: no special abilities


You were on level 1 of the Dungeon.
You were not hungry.

You visited 1 branch of the dungeon, and saw 2 of its levels.

You collected 5 gold pieces.

Inventory:

Hand Weapons
 e - a +0 club
 f - a +0 dagger
Missiles
 h - 13 poisoned needles
 i - 15 bolts of penetration
 o - 5 javelins (quivered)
Armour
 d - a +0 robe (worn)
 l - a +0 pair of boots (worn)
Scrolls
 b - a scroll of teleportation
 k - a scroll of enchant weapon {unknown}
 q - a scroll of identify {unknown}
Potions
 c - 2 potions of lignification
 j - a potion of mutation {unknown}
 m - a potion of magic {unknown}
 n - a potion of haste {unknown}
Books
 a - a book of Minor Magic

   Spells                             Type                      Level
   a - Magic Dart                     Conjuration                  1
   b - Blink                          Translocation                2
   c - Call Imp                       Summoning                    2
   d - Repel Missiles                 Charms/Air                   2
   e - Slow                           Hexes                        2
   f - Conjure Flame                  Conjuration/Fire             3
   g - Mephitic Cloud                 Conjuration/Poison/Air       3
Comestibles
 g - 2 bread rations


   Skills:
 + Level 2.2 Fighting
 - Level 1.0 Dodging
 - Level 1.7 Stealth
 - Level 2.6 Unarmed Combat
 - Level 2.0 Spellcasting
   Level 1.1 Necromancy


You had 4 spell levels left.
You knew the following spells:

 Your Spells              Type           Power        Failure   Level  Hunger
a - Magic Dart            Conj           #...         24%         1    ##.....


Dungeon Overview and Level Annotations

Branches:
Dungeon (2/15)

Altars:

Annotations:
D:2 Robin, Sigmund


Innate Abilities, Weirdness & Mutations

You are immune to rotting.


Message History

The hobgoblin shouts!
The goblin hits you but does no damage.
Robin roars a battlecry!
The goblins go into a battle-frenzy!
The goblin hits you with a club.
A goblin comes into view.
There is a stone staircase leading up, spattered with blood here.
The goblin shouts!
The hobgoblin hits you. x2
You climb upwards.
There is a stone staircase leading down here.
You hit the hobgoblin but do no damage. The goblin closely misses you.
The hobgoblin hits you. The hobgoblin barely misses you.
You barely miss the hobgoblin. The goblin barely misses you.
The hobgoblin barely misses you. The hobgoblin hits you.
* * * LOW HITPOINT WARNING * * *
You are too injured to fight recklessly!
You are too injured to fight recklessly!
The goblin hits you with a club.
You die...

#........##.##.....#
..###.##.#...#.....#
..# #.##.....#.....#
.####.####...#######
.##.....##....###
.#.......#......#
.............##.#
..........#####.#####
..........# #..@...#
..........# #..ggg.#
..........# #......#
#.........# #....).#
#.........# #....>.#
#.........# #......#
#.รท.......# #......#
#.........# ########
##.......##


You could see 2 hobgoblins and a goblin.

Vanquished Creatures
  A giant cockroach (D:1)
  2 goblins (D:1)
  A hobgoblin (D:1)
  5 bats (D:1)
  2 giant newts (D:1)
  A rat (D:1)
12 creatures vanquished.

Notes
Turn   | Place    | Note
--------------------------------------------------------------
     0 | D:1      | HandofTrog the Demonspawn Wanderer began the quest for the Orb.
     0 | D:1      | HandofTrog set off with: a book of Minor Magic, a scroll of teleportation, a potion of lignification, a +0 robe, a +0 club, a +0 dagger, a bread ration
     0 | D:1      | Reached XP level 1. HP: 15/15 MP: 3/3
     3 | D:1      | Learned a level 1 spell: Magic Dart
   545 | D:1      | Gained mutation: You are immune to rotting. [demonic ancestry]
   545 | D:1      | Reached XP level 2. HP: 15/22 MP: 1/5
   822 | D:2      | Noticed Robin
   932 | D:2      | Noticed Sigmund
   939 | D:1      | Slain by a goblin

Vault maps used:
D:1:      lemuel_arrival_behind_the_door_large, hangedman_decor_peaks_small
D:2:      lemuel_doored_altar, uniq_sigmund, uniq_robin

Skill      XL: |  1 |
---------------+----+-----
Fighting       | 2 |  2.2
Dodging        | |  1.0
Stealth        | |  1.7
Unarmed Combat | |  2.6
Spellcasting   | |  2.0
Necromancy     | |  1.1

Action                   || total
-------------------------++-------
Melee: Unarmed           ||    58
 Cast: Magic Dart        ||     9
 Stab: Sleeping          ||     2
